 Dungeon Crawl Stone Soup version 0.20.1-1-g8b1a95d66d (webtiles) character file.

366 Popi the Slasher (level 7, 0/55 HPs)
             Began as a Human Fighter on Dec 20, 2017.
             Was a Follower of Nemelex Xobeh.
             Slain by an orc priest
             ... wielding a +0 flail
              (3 damage)
             ... on level 4 of the Dungeon.
             The game lasted 00:08:43 (2781 turns).

Popi the Slasher (Human Fighter)                    Turns: 2781, Time: 00:08:44

Health: 0/55       AC:  7    Str: 19    XL:     7   Next: 0%
Magic:  8/8        EV:  9    Int:  8    God:    Nemelex Xobeh [*.....]
Gold:   142        SH:  0    Dex: 12    Spells: 6/6 levels left

rFire    . . .     SeeInvis .   a - +0 long sword
rCold    . . .     Gourm    .   (no shield)
rNeg     . . .     Faith    .   b - +0 scale mail
rPois    .         Spirit   .   (no helmet)
rElec    .         Reflect  .   (no cloak)
rCorr    .         Harm     .   (no gloves)
MR       .....                  (no boots)
Stlth    ..........             (no amulet)
Regen    0.2/turn               (no ring)
MPRegen  0.2/turn               (no ring)

@: lethally poisoned (0 -> -4)
A: no striking features
a: Renounce Religion


You were on level 4 of the Dungeon.
You worshipped Nemelex Xobeh.
Nemelex Xobeh was aware of your devotion.
You were hungry.

You visited 1 branch of the dungeon, and saw 4 of its levels.

You collected 142 gold pieces.

Inventory:

Hand Weapons
 a - a +0 long sword (weapon)
 j - a +0 hunting sling
Missiles
 k - 74 stones (quivered)
Armour
 b - a +0 scale mail (worn)
 s - a +0 plate armour
Jewellery
 u - an uncursed ring of wizardry {unknown}
 v - an uncursed amulet of harm {unknown}
Scrolls
 c - a scroll of magic mapping {unknown}
 e - a scroll of enchant weapon {unknown}
 g - 4 scrolls of identify {unknown}
 i - 2 scrolls of fear {unknown}
 n - a scroll of remove curse {unknown}
 p - 2 scrolls of teleportation {unknown}
 q - a scroll of recharging {unknown}
Potions
 d - a potion of might
 m - a potion of agility {unknown}
 r - 2 potions of cancellation {unknown}
 t - a potion of heal wounds {unknown}
 w - 2 potions of curing {unknown}
Miscellaneous
 h - an ornate deck of destruction {drawn: 2}
Comestibles
 f - 4 bread rations
 o - 2 royal jellies


   Skills:
 + Level 4.6 Fighting
 + Level 4.7 Long Blades
 - Level 1.0 Slings
 + Level 3.7 Armour
   Level 3.0 Shields
 - Level 2.0 Invocations


You had 6 spell levels left.
You didn't know any spells.

Dungeon Overview and Level Annotations

Branches:
Dungeon (4/15)
 Temple: D:4-7

Altars:
Cheibriados
Nemelex Xobeh
Qazlal
Ru

Annotations:
D:4 Popi's ghost, novice HuFi


Message History

The orc wizard points at you and mumbles some strange words.
The puff of flame hits you!
* * * LOW HITPOINT WARNING * * *
Popi's ghost ripples.
Popi's ghost hits you.
* * * LOW HITPOINT WARNING * * *
* * * LOW HITPOINT WARNING * * *
You feel sick.
Things that are here:
an enchanted dagger; a robe; an orc corpse
* * * LOW HITPOINT WARNING * * *
You feel sick. The orc wizard barely misses you.
You riposte.
You barely miss the orc wizard.
The orc wizard is moderately wounded.
Things that are here:
a dagger of protection; a shiny ring mail; an orc corpse The orc priest casts a cantrip, but nothing happens.
The orc priest hits you with a flail.
You die...
Your body disappears without a glow.

#........!#.....
########...............
#................._....
#......................
#.............†.....8..
#..............#.......
#........###W#.)o._....
#........# #o#)##......
#........# #@oo####...#
#........# #..<......##
#........# #.#.###....#
####+##### #.#.# ...
#...$ ..#.## ###.# ..#
###


You could see 2 orc priests, an orc wizard, Popi's ghost and an orc.

Vanquished Creatures
  An orc wizard (D:4)
  A gnoll (D:3)
  4 adders
  A river rat (D:3)
  An ooze (D:2)
  3 worms
  4 dart slugs
  4 leopard geckos
  7 orcs
  A ball python (D:2)
  6 giant cockroaches
  4 goblins
  7 hobgoblins
  5 jackals
  6 kobolds
  9 bats
  2 frilled lizards
  A quokka skeleton (D:3)
  12 rats
79 creatures vanquished.

Vanquished Creatures (collateral kills)
  2 orc priests (D:3)
  2 orc wizards
  3 adders (D:3)
  6 orcs
  3 jackals (D:4)
  A ball python (D:3)
  A frilled lizard (D:4)
18 creatures vanquished.

Vanquished Creatures (others)
  A phantom (D:4)
  A giant cockroach (D:3)
  3 kobolds
  A quokka (D:3)
6 creatures vanquished.

Grand Total: 103 creatures vanquished

Notes
Turn   | Place    | Note
-------+----------+-------------------------------------------
     0 | D:1      | Popi the Human Fighter began the quest for the Orb.
     0 | D:1      | Reached XP level 1. HP: 18/18 MP: 1/1
   145 | D:1      | Reached XP level 2. HP: 24/24 MP: 2/2
   440 | D:1      | Reached XP level 3. HP: 28/30 MP: 3/3
   466 | D:1      | Found a sparkling altar of Nemelex Xobeh.
   564 | D:1      | Became a worshipper of Nemelex Xobeh the Trickster
   653 | D:1      | Received a gift from Nemelex Xobeh
   970 | D:2      | Reached XP level 4. HP: 31/37 MP: 4/4
  1107 | D:2      | Reached skill level 1 in Invocations
  1356 | D:2      | Reached * piety under Nemelex Xobeh
  1465 | D:2      | Received a gift from Nemelex Xobeh
  1474 | D:2      | Found a sacrificial altar of Ru.
  1883 | D:3      | Reached XP level 5. HP: 37/42 MP: 6/6
  1883 | D:3      | Reached skill level 1 in Slings
  2199 | D:3      | Reached XP level 6. HP: 35/48 MP: 7/7
  2701 | D:4      | Found a snail-covered altar of Cheibriados.
  2705 | D:4      | Found a stormy altar of Qazlal.
  2718 | D:4      | Noticed a phantom
  2750 | D:4      | Killed a phantom
  2750 | D:4      | Reached XP level 7. HP: 25/55 MP: 8/8
  2768 | D:4      | Noticed Popi's ghost (novice HuFi)
  2781 | D:4      | Slain by an orc priest

Skill      XL: |  1  2  3  4  5 |
---------------+----------------+-----
Long Blades    | 3 4 |  4.7
Invocations    | 2 |  2.0
Fighting       | 4 |  4.6
Slings         | 1 |  1.0
Armour         | |  3.7
Shields        | |  3.0

Action                   |  1- 3 |  4- 6 |  7- 9 || total
-------------------------+-------+-------+-------++-------
Melee: Long sword        |    83 |   167 |     3 ||   253
Evoke: Deck              |       |    14 |     1 ||    15
  Eat: Chunk             |       |     6 |       ||     6
Armor: Scale mail        |    49 |    71 |     1 ||   121
Dodge: Dodged            |    56 |    88 |     2 ||   146
       Rpst.: Long sword |    20 |    25 |     1 ||    46
